 Dungeon Crawl Stone Soup version 0.27-a0-1301-g128193abf8 (webtiles) character file.

Game seed: 6797872281345083612

48998 Froggeryz the Cleaver (level 13, -3/107 HPs)
             Began as a Demigod Ice Elementalist on June 17, 2021.
             Slain by a two-headed ogre (14 damage)
             ... on level 2 of the Orcish Mines.
             The game lasted 00:37:46 (26880 turns).

Froggeryz the Cleaver (Demigod Ice Elementalist)   Turns: 26880, Time: 00:37:47

Health: -3/107     AC: 17    Str: 13    XL:     13   Next: 78%
Magic:  18/19      EV: 13    Int: 29    God:
Gold:   1832       SH:  0    Dex: 14    Spells: 3/16 levels left

rFire    . . .     SeeInvis .   o - +0 war axe (elec)
rCold    . . .     Faith    .   (no shield)
rNeg     . . .     Spirit   .   U - +3 troll leather armour {Snorg}
rPois    +         Reflect  .   c - +0 helmet
rElec    .         Harm     .   S - +0 cloak
rCorr    .         Rampage  .   (no gloves)
Will     +....                  I - +0 pair of boots
Stlth    ++........             h - amulet of magic regeneration
HPRegen  1.27/turn              N - ring of poison resistance
MPRegen  0.41/turn              y - ring of wizardry

@: ice-armoured
A: high mp 1, forlorn
a: no special abilities


You were on level 2 of the Orcish Mines.
You visited 3 branches of the dungeon, and saw 19 of its levels.
You also visited: Sewer and Ossuary.

You collected 1832 gold pieces.

Inventory:

Hand Weapons
 o - a +0 war axe of electrocution (weapon)
 O - a +4 scimitar of flaming
Missiles
 v - 2 throwing nets
Armour
 c - a +0 helmet (worn)
 C - a +0 kite shield
 I - a +0 pair of boots (worn)
 S - a +0 cloak (worn)
 U - a +3 troll leather armour (worn) {Snorg}
Magical Staves
 G - a staff of conjuration
Jewellery
 h - an amulet of magic regeneration (around neck)
 i - a ring of protection from cold
 w - a +4 ring of evasion
 y - a ring of wizardry (right hand)
 N - a ring of poison resistance (left hand)
Wands
 a - a wand of digging (6)
 H - a wand of paralysis (9)
 J - a wand of charming (25)
 K - a wand of polymorph (15)
 M - a wand of iceblast (22)
 T - a wand of acid (2)
Scrolls
 f - 2 scrolls of amnesia {unknown}
 j - 3 scrolls of enchant armour {unknown}
 k - 7 scrolls of teleportation
 l - 3 scrolls of noise {unknown}
 m - 4 scrolls of enchant weapon {unknown}
 n - 4 scrolls of magic mapping
 p - 5 scrolls of holy word
 q - 2 scrolls of fear {unknown}
 r - a scroll of torment {unknown}
 t - 7 scrolls of fog
 B - 2 scrolls of immolation
 D - a scroll of silence
 L - a scroll of brand weapon {unknown}
 V - a scroll of summoning
Potions
 b - 5 potions of curing
 d - 6 potions of flight
 e - 2 potions of lignification {unknown}
 g - 4 potions of might
 s - 4 potions of degeneration {unknown}
 u - 2 potions of haste {unknown}
 x - 2 potions of heal wounds
 z - 5 potions of magic {unknown}
 A - 2 potions of ambrosia {unknown}
 E - 3 potions of brilliance {unknown}
 F - a potion of berserk rage {unknown}
 Q - a potion of attraction {unknown}
Miscellaneous
 R - a condenser vane


   Skills:
 - Level 8.2 Fighting
 - Level 13.3 Axes
 * Level 0.3 Armour
 - Level 5.3 Dodging
 - Level 1.7 Stealth
 + Level 10.7 Shields
 - Level 2.0 Spellcasting
 - Level 5.8 Transmutations
 - Level 9.0 Ice Magic
 - Level 5.8 Earth Magic


You had 3 spell levels left.
You knew the following spells:

 Your Spells              Type           Power      Damage    Failure   Level
a - Freeze                Ice            100%       1d11      1%          1
b - Frozen Ramparts       Ice            100%       1d12      1%          3
c - Ozocubu's Armour      Ice            53%        N/A       1%          3
d - Statue Form           Tmut/Erth      24%        N/A       50%         6

Your spell library contained the following spells:

 Spells                   Type           Power      Damage    Failure   Level
 Sandblast                Erth           72%        2d16      1%          1
 Sting                    Tmut/Pois      76%        1d6       1%          1
 Passwall                 Tmut/Erth      30%        N/A       1%          2
 Wereblood                Tmut           36%        N/A       1%          2
 Animate Skeleton         Necr           4%         N/A       4%          1
 Apportation              Tloc           4%         N/A       4%          1
 Corona                   Hex            2%         N/A       4%          1
 Magic Dart               Conj           8%         1d3       4%          1
 Shock                    Conj/Air       8%         1d3       4%          1
 Summon Small Mammal      Summ           8%         N/A       4%          1
 Stone Arrow              Conj/Erth      38%        3d9       4%          3
 Poisonous Vapours        Pois/Air       4%         N/A       6%          2
 Searing Ray              Conj           4%         3d3       6%          2
 Static Discharge         Conj/Air       2%         N/A       6%          2
 Ignite Poison            Fire/Tmut/Pois 14%        N/A       6%          3
 Dazzling Flash           Conj/Hex       4%         N/A       13%         3
 Lesser Beckoning         Tloc           1%         N/A       13%         3
 Swiftness                Air            2%         N/A       13%         3
 Tukima's Dance           Hex            2%         N/A       13%         3
 Petrify                  Tmut/Erth      36%        N/A       4%          4
 Hailstorm                Conj/Ice       29%        3d8       7%          4
 Lee's Rapid Deconstruct  Erth           18%        3d12*     11%         5
 Metabolic Englaciation   Hex/Ice        14%        N/A       19%         5
 Alistair's Intoxication  Tmut/Pois      12%        N/A       32%         5
 Airstrike                Air            1%         N/A       38%         4
 Fulminant Prism          Conj/Hex       1%         3d6       38%         4
 Iskenderun's Mystic Bla  Conj/Tloc      2%         2d3       38%         4
 Summon Lightning Spire   Summ/Air       2%         N/A       38%         4
 Fireball                 Conj/Fire      1%         3d3       71%         5
 Lightning Bolt           Conj/Air       1%         1d12      71%         5
 Invisibility             Hex            1%         N/A       99%         6
 Starburst                Conj/Fire      1%         8x6d3     99%         6
 Ignition                 Fire           1%         3d3       100%        8


Dungeon Overview and Level Annotations

Branches:
Dungeon (11/15)            Temple (0/1) D:7            Lair (6/6) D:8
  Swamp (0/4) Lair:2        Snake (0/4) Lair:4        Slime (0/5) Lair:5
    Orc (2/2) D:9           Sewer (visited)         Ossuary (visited)
    Elf: Orc:2

Shops:
D:4 :

Annotations:
D:3 1 runed translucent door, Johnny's ghost, amateur DEEE
D:10 exclusion: ice statue
Lair:3 1 runed translucent door, DasRunzen's ghost, journeyman DgGl; Rupert
Lair:5 exclusion: 2 oklob plants
Lair:6 4 exclusions


Innate Abilities, Weirdness & Mutations

Your attributes grow dramatically as you level up.
You have an increased reservoir of magic. (+10% MP)
You shall have no god before yourself.


Message History

You slash the orc!
You kill the orc!
You hit the orc. Lightning courses through the orc!
You kill the orc!
You completely miss the orc. You hit the orc.
The orc hits you but does no damage. The orc closely misses you.
The orc warrior closely misses you.
You hit the two-headed ogre but do no damage.
The two-headed ogre is moderately wounded.
You slash the orc! Lightning courses through the orc!!
You kill the orc!
You hit the orc but do no damage.
The two-headed ogre completely misses you.
The two-headed ogre closely misses you. The orc completely misses you.
The orc warrior hits you but does no damage.
You slash the two-headed ogre!
The two-headed ogre is moderately wounded.
You slash the orc!
You kill the orc!
You hit the two-headed ogre.
The two-headed ogre is heavily wounded.
The two-headed ogre hits you with a +0 giant club!
The two-headed ogre hits you with a +0 giant club!!
The orc warrior hits you from afar with a +0 trident!
* * * LOW HITPOINT WARNING * * *
You slash the two-headed ogre!
Lightning courses through the two-headed ogre!!
The two-headed ogre is almost dead.
The orc warrior hits you from afar with a +0 trident.
* * * LOW HITPOINT WARNING * * *
The two-headed ogre hits you with a +0 giant club!
* * * LOW HITPOINT WARNING * * *
The two-headed ogre hits you with a +0 giant club!
* * * LOW HITPOINT WARNING * * *
You feel much better.
The orc warrior hits you from afar with a +0 trident!
* * * LOW HITPOINT WARNING * * *
The two-headed ogre closely misses you.
The two-headed ogre hits you with a +0 giant club!
You die...

... #... ....
##...
.$.##...#
.......##
#......##
##.#...o...##
......).)...#
......)@....#
..#...)O....#
#........##
..........##
.........##
......####
###... ####


You could see a two-headed ogre and an orc warrior.

Vanquished Creatures
  Gastronok (D:9)
  Kirke (Lair:5)
  Snorg (Orc:1)
  A fire dragon (Lair:6)
  A boulder beetle (Lair:2)
  A catoblepas (Lair:2)
  4 hydras
  Erica (D:8)
  A two-headed ogre (D:10)
  7 death yaks
  A bog body (Lair:2)
  A lindwurm (Lair:6)
  Pikel (D:7)
  An orc knight (Orc:1)
  3 elephants (Lair:6)
  3 black mambas
  A centaur zombie (D:10)
  Maurice (D:9)
  Joseph (D:9)
  6 torpor snails
  6 cane toads (Lair:6)
  Maggie (D:9)
  2 ice devils (D:10)
  2 rime drakes
  10 komodo dragons
  A freezing wraith (D:11)
  A troll (D:10)
  A polar bear (Lair:3)
  7 hornets (Lair:6)
  Grinder (D:6)
  4 tyrant leeches (Lair:6)
  8 blink frogs
  61 yaks
  2 wyverns
  7 hogs (Lair:5)
  2 wraiths
  Sigmund (D:4)
  Grum (D:10)
  A basilisk (Lair:6)
  3 steam dragons
  Menkaure (D:4)
  4 wargs
  4 nagas (Lair:4)
  2 swamp worms (Lair:2)
  6 water moccasins
  5 acid dragons
  A swamp drake (Lair:6)
  A sky beast (D:6)
  A hornet zombie (D:6)
  6 orc warriors
  An ogre (D:6)
  An ice beast (D:6)
  2 centaurs
  13 wolves
  6 bullfrogs
  A water moccasin skeleton (D:5)
  5 killer bees (D:10)
  2 electric eels
  7 wights
  2 howler monkeys (D:8)
  5 hounds
  2 jellies
  A bullfrog zombie (D:6)
  4 orc priests
  6 iguanas
  11 orc wizards
  A merfolk siren (Sewer)
  A merfolk avatar (Sewer)
  2 howler monkey zombies
  4 mummies (Ossuary)
  3 gnolls
  A howler monkey skeleton (D:3)
  12 adders
  5 river rats
  A white imp (D:7)
  5 ufetubi (D:10)
  An adder skeleton (D:4)
  4 dart slugs
  43 orcs
  8 endoplasms
  8 giant cockroaches
  A gnoll zombie (Ossuary)
  4 goblins
  4 hobgoblins
  2 jackals (D:3)
  6 kobolds
  6 quokkas
  8 ball pythons
  2 bats
  6 frilled lizards
  9 gnoll skeletons (Ossuary)
  3 goblin skeletons (Ossuary)
  4 goblin zombies (Ossuary)
  3 hobgoblin skeletons (Ossuary)
  7 hobgoblin zombies (Ossuary)
  6 kobold skeletons (Ossuary)
  3 kobold zombies (Ossuary)
  3 orc skeletons (Ossuary)
  3 orc zombies (Ossuary)
  28 rats
  A rat skeleton (Ossuary)
  7 rat zombies (Ossuary)
  2 butterflies (Lair:3)
477 creatures vanquished.

Vanquished Creatures (others)
  An orc wizard (D:6)
  34 fungi
  54 plants
89 creatures vanquished.

Grand Total: 566 creatures vanquished

Notes
Turn   | Place    | Note
-------+----------+-------------------------------------------
     0 | D:1      | Froggeryz the Demigod Ice Elementalist began the quest for
                  | the Orb.
     0 | D:1      | Reached XP level 1. HP: 14/14 MP: 5/5
   779 | D:1      | You fall into a shaft and drop 1 floor!
   787 | D:2      | Reached XP level 2. HP: 16/20 MP: 4/7
  1489 | D:2      | Reached XP level 3. HP: 26/26 MP: 3/8
  1493 | D:2      | Learned a level 3 spell: Frozen Ramparts
  2034 | D:2      | Reached skill level 5 in Ice Magic
  2326 | D:3      | Reached XP level 4. HP: 33/33 MP: 5/9
  2339 | D:3      | Found a glowing drain.
  2344 | Sewer    | Entered a sewer
  2582 | Sewer    | Reached XP level 5. HP: 23/38 MP: 5/10
  3090 | D:3      | Found a runed translucent door.
  3097 | D:3      | Noticed Johnny's ghost (amateur DEEE)
  3439 | D:3      | Learned a level 3 spell: Ozocubu's Armour
  4268 | D:4      | Reached skill level 1 in Axes
  4268 | D:4      | Reached XP level 6. HP: 45/45 MP: 9/11
  4274 | D:4      | Noticed Menkaure
  4285 | D:4      | Killed Menkaure
  4450 | D:4      | Found Hipostuf's Book Shoppe.
  4602 | D:4      | Identified the +1 morningstar of Seap {vorpal, Str+3}
  4622 | D:4      | Noticed Sigmund
  4653 | D:4      | Killed Sigmund
  4654 | D:4      | Reached skill level 2 in Axes
  4654 | D:4      | Reached XP level 7. HP: 42/50 MP: 8/13
  5242 | D:5      | Entered Level 5 of the Dungeon
  5454 | D:5      | You fall into a shaft and drop 2 floors!
  5671 | D:7      | Found a staircase to the Ecumenical Temple.
  5796 | D:7      | Reached skill level 3 in Axes
  6042 | D:6      | Noticed Grinder
  6084 | D:6      | Killed Grinder
  6104 | D:6      | Found a sand-covered staircase.
  6108 | Ossuary  | Entered an ossuary
  6976 | D:6      | Reached XP level 8. HP: 40/57 MP: 14/14
  6986 | D:6      | Reached skill level 4 in Axes
  7411 | D:6      | Reached skill level 1 in Fighting
  7804 | D:6      | Reached skill level 5 in Axes
  8500 | D:7      | Noticed Pikel
  8510 | D:7      | Killed Pikel
  8511 | D:7      | Reached skill level 6 in Axes
  8523 | D:7      | Reached XP level 9. HP: 22/71 MP: 8/15
  9177 | D:8      | Found a staircase to the Lair.
  9191 | D:8      | Reached skill level 5 in Fighting
  9564 | D:8      | Reached skill level 7 in Axes
  9680 | D:8      | Noticed Erica
  9690 | D:8      | Killed Erica
  9691 | D:8      | Reached skill level 8 in Axes
 10081 | D:8      | Reached XP level 10. HP: 79/86 MP: 16/16
 10239 | D:9      | Noticed Maggie
 10248 | D:9      | Killed Maggie
 10544 | D:9      | Found a staircase to the Orcish Mines.
 11108 | D:9      | Noticed Joseph
 11118 | D:9      | Killed Joseph
 11212 | D:9      | Reached skill level 9 in Axes
 11409 | D:9      | Noticed Maurice
 11427 | D:9      | Killed Maurice
 11504 | D:9      | Noticed Gastronok
 11514 | D:9      | Killed Gastronok
 11515 | D:9      | Reached skill level 10 in Axes
 11515 | D:9      | Noticed a five-headed hydra
 11709 | D:9      | Killed a five-headed hydra
 11710 | D:9      | Reached XP level 11. HP: 94/94 MP: 10/17
 12011 | D:10     | Entered Level 10 of the Dungeon
 12222 | D:10     | Reached skill level 5 in Dodging
 12261 | D:10     | Identified a scroll of acquirement
 12262 | D:10     | Acquired Elovaq's Collected Works on Shifting Lightness
 12364 | D:10     | Noticed a two-headed ogre
 12387 | D:10     | Killed a two-headed ogre
 12388 | D:10     | Reached skill level 1 in Shields
 12996 | D:10     | Noticed Grum
 13026 | D:10     | Killed Grum
 13411 | D:11     | Reached skill level 11 in Axes
 13572 | D:11     | Noticed a death knight
 13646 | Lair:1   | Entered Level 1 of the Lair of Beasts
 14650 | Lair:2   | Noticed a boulder beetle
 14677 | Lair:2   | Killed a boulder beetle
 14678 | Lair:2   | Reached skill level 5 in Shields
 15149 | Lair:2   | Noticed a catoblepas
 15178 | Lair:2   | Killed a catoblepas
 15481 | Lair:2   | Noticed a six-headed hydra
 15507 | Lair:2   | Killed a six-headed hydra
 15553 | Lair:2   | Noticed an eight-headed hydra
 15731 | Lair:2   | Killed a nine-headed hydra
 15732 | Lair:2   | Reached skill level 12 in Axes
 16120 | Lair:2   | Noticed a bog body
 16404 | Lair:2   | Reached XP level 12. HP: 102/102 MP: 13/18
 16419 | Lair:2   | Identified the +8 chain mail of Resourcefulness {rC+}
 16687 | Lair:2   | Found a staircase to the Swamp.
 17062 | Lair:3   | Learned a level 6 spell: Statue Form
 17532 | Lair:3   | Found a runed translucent door.
 17532 | Lair:3   | Noticed DasRunzen's ghost (journeyman DgGl)
 18116 | Lair:3   | Noticed Rupert
 18665 | Lair:4   | Reached skill level 13 in Axes
 19093 | Lair:4   | Found a staircase to the Snake Pit.
 19093 | Lair:4   | Noticed a five-headed hydra
 19108 | Lair:4   | Killed a five-headed hydra
 19452 | Lair:4   | Identified the +0 leather armour "Zozez" {rF++ Will-
                  | Stlth+}
 20305 | Lair:5   | Noticed Kirke
 20313 | Lair:5   | Reached skill level 1 in Transmutations
 20313 | Lair:5   | Reached skill level 1 in Earth Magic
 20322 | Lair:5   | Killed Kirke
 20909 | Lair:5   | Reached XP level 13. HP: 102/107 MP: 14/19
 20964 | Lair:5   | Found a staircase to the Slime Pits.
 21713 | Lair:6   | Entered Level 6 of the Lair of Beasts
 23091 | Lair:6   | Reached skill level 10 in Shields
 23959 | Lair:6   | Found a runed translucent door.
 24738 | Lair:6   | Reached skill level 5 in Earth Magic
 24749 | Lair:6   | Reached skill level 5 in Transmutations
 24907 | Lair:6   | Paralysed by a hornet for 2 turns
 26190 | Orc:1    | Entered Level 1 of the Orcish Mines
 26388 | Orc:1    | Noticed Snorg
 26403 | Orc:1    | Killed Snorg
 26835 | Orc:2    | Entered Level 2 of the Orcish Mines
 26880 | Orc:2    | Slain by a two-headed ogre

Illustrated notes

Levels and vault maps discovered:
D:1:      dpeg_arrival_fog, layout_basic, basic_ecumenical_altar
D:2:      layout_basic, kennysheep_small_spiral
D:3:      layout_rooms, amcnicky_altar_gilded, portal_sewer_entry_e,
          ebering_ghost_sewer_d, minmay_increasing_density
D:4:      layout_basic, old_standard_altar,
          grunt_temple_overflow_growth_and_decay, serial_shops, shop,
          columned_hall_lemuel, chequers_serial_rivers_marsh,
          serial_bayou_pond_d, minmay_puff, uniq_menkaure, uniq_sigmund
D:5:      layout_basic, glass_columns_b
D:6:      layout_basic, nicolae_overflow_hidden_temple, marbit_many_paths,
          xom_teletrap_fun, general_overflow_altar, enter_ossuary_1,
          uniq_grinder
D:7:      layout_loops_corners, lemuel_crystal_altar,
          minmay_temple_entry_antechambers, kennysheep_big_empty_room,
          uniq_pikel
D:8:      layout_loops_ring, erik_lair_orcish_takeover, uniq_erica
D:9:      layout_basic, orc_0_dummy, uniq_gastronok, uniq_joseph, uniq_maggie,
          uniq_maurice
D:10:     cheibrodos_frozen_isle, layout_irregular_city, uniq_grum
D:11:     layout_basic, hellmonk_guarded_unrand_seven_league_boots
Lair:1:   layout_chaotic_city, beast_lair_carwin_6, grunt_megastairs_1
Lair:2:   layout_cave_pods, nicolae_swamp_entry_splash_gauntlet, st_stairs_4,
          chequers_serial_rivers_marsh, serial_bayou_crossing
Lair:3:   layout_cave_pods, hellmonk_ghost_happy_afterlife, st_stairs_6,
          lemuel_fruit_fields, uniq_rupert
Lair:4:   layout_small_grid, minmay_snake_entry_guardpost_small,
          grunt_megastairs_5
Lair:5:   layout_cave_pods, minmay_slime_entry_oklob_enclosed,
          infiniplex_staircase_pool, uniq_kirke
Lair:6:   wormcave, layout_misc_corridors, guppyfry_lair_end_dragon,
          st_stairs_4, lookout_lair_type
Orc:1:    layout_diamond_mine, uniq_nergalle, uniq_snorg, uniq_josephine
Orc:2:    pubby_orc_utopia

Skill      XL: |  1  2  3  4  5  6  7  8  9 10 11 12 13 |
---------------+----------------------------------------+-----
Dodging        | 2 4 5 |  5.3
Spellcasting   | 2 |  2.0
Ice Magic      | 4 5 6 7 8 9 |  9.0
Axes           | 1 2 3 6 8 10 12 13 | 13.3
Fighting       | 4 7 8 |  8.2
Shields        | 6 9 10 | 10.7
Transmutations | 2 5 |  5.8
Earth Magic    | 2 5 |  5.8
Armour         | |  0.3
Stealth        | |  1.7

Action                   |  1- 3 |  4- 6 |  7- 9 | 10-12 | 13-15 || total
-------------------------+-------+-------+-------+-------+-------++-------
Melee: Dagger            |    13 |       |       |       |       ||    13
       Unarmed           |     4 |       |       |       |       ||     4
       War axe           |     3 |    91 |   268 |   394 |   291 ||  1047
 Cast: Freeze            |    49 |    17 |     7 |    13 |       ||    86
       Frozen Ramparts   |     3 |    11 |    23 |    66 |    41 ||   144
       Ozocubu's Armour  |       |     2 |    18 |    57 |    42 ||   119
Evoke: Wand              |       |       |       |    42 |     1 ||    43
       Condenser vane    |       |       |       |     1 |       ||     1
  Use: Potion            |       |       |     2 |     2 |     5 ||     9
       Scroll            |       |       |     4 |     9 |       ||    13
 Stab: Sleeping          |     3 |     5 |     3 |     2 |     1 ||    14
       Paralysed         |       |       |       |     6 |       ||     6
Armor: Robe              |    13 |    19 |    67 |   124 |    64 ||   287
       Troll leather arm |       |       |       |       |    12 ||    12
Dodge: Dodged            |    35 |    79 |   152 |   303 |   182 ||   751

Table legend: (Time is in decaauts)
 A = Elapsed time spent in this place.
 B = Non-inter-level travel time spent in this place.
 C = Inter-level travel time spent in this place.
 D = Time resting spent in this place.
 E = Time spent auto-exploring this place.
 F = Levels seen in this place.
 G = Mean time per level.
                   A        B        C        D        E       F      G
               +--------+--------+--------+--------+--------+-----+--------+
         Total |  27097 |  26272 |    825 |   5907 |  16391 |  21 | 1290.3 |
       Dungeon |  12231 |  11773 |    458 |   1459 |   8431 |  11 | 1111.9 |
          Lair |  12532 |  12177 |    355 |   3745 |   6937 |   6 | 2088.7 |
  Orcish Mines |    682 |    671 |     11 |    298 |    293 |   2 |  341.0 |
         Sewer |    760 |    760 |      0 |     17 |    497 |   1 |  760.0 |
       Ossuary |    891 |    891 |      0 |    387 |    232 |   1 |  891.0 |
               +--------+--------+--------+--------+--------+-----+--------+

Top non-repeatable levels by time:
  Lair:6: 3552 daAuts
  Lair:2: 2459 daAuts
  Lair:3: 1927 daAuts
  Lair:4: 1874 daAuts
  Lair:5: 1788 daAuts
     D:9: 1646 daAuts
     D:7: 1386 daAuts
     D:8: 1372 daAuts
    D:10: 1338 daAuts
     D:3: 1254 daAuts
     D:6: 1220 daAuts
     D:1: 1144 daAuts
     D:4: 1109 daAuts
     D:2: 1083 daAuts
  Lair:1: 930 daAuts
